 Dungeon Crawl Stone Soup version 0.23-a0-405-g368ce00 (webtiles) character file.

122 Ghost621 the Poker (level 5, -2/42 HPs)
             Began as a Merfolk Abyssal Knight on Nov 7, 2018.
             Was a Believer of Lugonu.
             Killed by divine providence
             ... invoked by an orc priest
              (8 damage)
             ... on level 3 of the Dungeon.
             The game lasted 00:03:43 (1928 turns).

Ghost621 the Poker (Merfolk Abyssal Knight)         Turns: 1928, Time: 00:03:44

Health: -2/42      AC:  3    Str: 13    XL:     5   Next: 6%
Magic:  6/6        EV: 12    Int: 12    God:    Lugonu [**....]
Gold:   84         SH:  3    Dex: 13    Spells: 4/4 levels left

rFire    . . .     SeeInvis .   a - +1 spear
rCold    . . .     Gourm    .   j - +0 buckler
rNeg     . . .     Faith    .   b - +0 leather armour
rPois    .         Spirit   .   (no helmet)
rElec    .         Reflect  .   (no cloak)
rCorr    .         Harm     .   (no gloves)
MR       .....                  (no boots)
Stlth    +.........             (no amulet)
HPRegen  0.14/turn              (no ring)
MPRegen  0.10/turn              (no ring)

@: no status effects
A: change form in water, swift swim, stealthy swim
a: Depart the Abyss, Bend Space, Renounce Religion


You were on level 3 of the Dungeon.
You worshipped Lugonu.
Lugonu was pleased with you.
You were not hungry.

You visited 1 branch of the dungeon, and saw 3 of its levels.
You visited the Abyss 1 time.

You collected 84 gold pieces.

Inventory:

Hand Weapons
 a - a +1 spear (weapon)
Missiles
 l - 40 stones (quivered)
Armour
 b - a +0 leather armour (worn)
 j - a +0 buckler (worn)
Wands
 s - a wand of random effects (10)
Scrolls
 d - a scroll of remove curse {unknown}
 f - 3 scrolls of identify {unknown}
 h - 5 scrolls of teleportation {unknown}
 i - a scroll of noise {unknown}
 k - a scroll of blinking {unknown}
 n - a scroll of fear {unknown}
 p - a scroll of magic mapping {unknown}
Potions
 e - a potion of invisibility {unknown}
 g - 4 potions of might {unknown}
 m - a potion of heal wounds {unknown}
 o - a potion of berserk rage {unknown}
 q - 3 potions of curing {unknown}
 r - a potion of flight {unknown}
Comestibles
 c - 8 rations


   Skills:
 + Level 4.1 Fighting
 * Level 5.7 Polearms
 - Level 0.6 Armour
 + Level 4.0 Dodging
 - Level 2.0 Invocations


You had 4 spell levels left.
You didn't know any spells.
Your spell library was empty.

Dungeon Overview and Level Annotations

Branches:
Dungeon (3/15)

Altars:


Message History

You are too injured to fight recklessly!
You hit the orc wizard.
The orc wizard is heavily wounded.
The orc wizard hits you but does no damage.
Your shield prevents you from hitting the orc wizard.
The orc wizard is heavily wounded.
The orc wizard barely misses you.
The orc priest mumbles some strange prayers to Beogh against you.
Beogh smites you!
* * * LOW HITPOINT WARNING * * *
You closely miss the orc wizard.
The orc wizard is heavily wounded.
The orc wizard hits you but does no damage.
You hit the orc wizard.
The orc wizard is severely wounded.
You block the orc wizard's attack.
The orc wizard hits you but does no damage.
The orc priest calls down the wrath of Beogh upon you.
Beogh smites you!
You die...

..........#
#.......o..
..........#
#....o...o.
..........#
#..........
..........#
#..o......#
###.......#
#o.#########
..........#
#...........
###.#######
#........... #.#
##########..########
#.# #....@oo.oo>#
#.# #.###########
#.# #.# #.########.#
#.#>......##.#
..#######.##)# ###
#.##.# #....# ######


You could see 2 orc priests, an orc wizard and an orc.

Vanquished Creatures
  Ijyb (D:3)
  2 adders
  An ooze (D:2)
  A worm (D:2)
  4 dart slugs
  A leopard gecko (D:3)
  2 orcs (D:3)
  4 bats
  A giant cockroach (D:2)
  7 goblins
  5 hobgoblins
  3 jackals (D:2)
  8 kobolds
  A quokka (D:2)
  4 frilled lizards
  5 rats
50 creatures vanquished.

Vanquished Creatures (others)
  An orc wizard (D:3)
1 creature vanquished.

Grand Total: 51 creatures vanquished

Notes
Turn   | Place    | Note
-------+----------+-------------------------------------------
     0 | Abyss:1  | Ghost621 the Merfolk Abyssal Knight began the quest for the
                  | Orb.
     0 | Abyss:1  | Reached XP level 1. HP: 18/18 MP: 2/2
     1 | Abyss:1  | Found a corrupted altar of Lugonu.
   140 | D:1      | Escaped the Abyss
   228 | D:1      | Reached XP level 2. HP: 23/24 MP: 3/3
   522 | D:1      | Reached skill level 4 in Polearms
   527 | D:1      | Reached ** piety under Lugonu
   623 | D:1      | Reached XP level 3. HP: 29/29 MP: 4/4
  1133 | D:2      | Reached XP level 4. HP: 26/37 MP: 5/5
  1249 | D:2      | Reached skill level 5 in Polearms
  1700 | D:3      | Noticed Ijyb
  1733 | D:3      | Killed Ijyb
  1919 | D:3      | Reached XP level 5. HP: 29/42 MP: 6/6
  1928 | D:3      | Killed from afar by an orc priest

Vault maps used:
D:1:      zaba_arrival_water
D:2:      first_ration
D:3:      cheibrodos_pilgrimage, nicolae_ru_awakened_eye,
          chequers_ecumenical_altar_grove, uniq_robin, uniq_ijyb

Skill      XL: |  1  2  3  4 |
---------------+-------------+-----
Dodging        | 3 4 |  4.0
Polearms       | 4 5 |  5.7
Fighting       | 4 |  4.1
Armour         | |  0.6
Invocations    | |  2.0

Action                   |  1- 3 |  4- 6 || total
-------------------------+-------+-------++-------
Melee: Spear             |   127 |    89 ||   216
 Stab: Sleeping          |     3 |     1 ||     4
  Eat: Ration            |       |     1 ||     1
Armor: Leather armour    |    16 |    15 ||    31
Dodge: Dodged            |    37 |    29 ||    66
Block: Buckler           |     9 |     7 ||    16

Table legend:
 A = Non-vault XP
 B = Vault XP
 C = Vault XP percentage of total XP
 D = Non-vault monster count
 E = Vault monster count
 F = Vault count percentage of total count
                 A         B        C        D         E       F
            +---------+---------+-------+---------+---------+-------
      Total |     118 |      57 |  32.6 |      47 |       4 |   7.8
            +---------+---------+-------+---------+---------+-------
        D:1 |      36 |       0 |   0.0 |      21 |       0 |   0.0
        D:2 |      65 |       0 |   0.0 |      23 |       0 |   0.0
        D:3 |      17 |      57 |  77.0 |       3 |       4 |  57.1
            +---------+---------+-------+---------+---------+-------
